 Dungeon Crawl Stone Soup version 0.19.1 (webtiles) character file.

26 CakeIsGreat the Digger (level 3, 3/19 HPs)
             Began as a Gargoyle Earth Elementalist on Dec 16, 2016.
             Quit the game on level 1 of the Dungeon.
             The game lasted 00:01:47 (727 turns).

CakeIsGreat the Digger (Gargoyle Earth Elementalist) Turns: 727, Time: 00:01:48

Health: 3/19       AC:  5    Str: 11    XL:     3   Next: 8%
Magic:  0/7        EV: 12    Int: 16    God:
Gold:   61         SH:  0    Dex: 10    Spells: 1 memorised, 6 levels left

rFire  + . .     SeeInvis .     (no weapon)
rCold  . . .     Gourm    .     c - +0 robe
rNeg   + . .     Faith    .     (no shield)
rPois  ∞         Spirit   .     (no helmet)
rElec  +         Reflect  .     (no cloak)
rCorr  .         Harm     .     (no gloves)
MR     .....                    (no boots)
Stlth  ++........               (no amulet)
                                (no ring)
                                (no ring)

@: no status effects
A: blurry vision 1, fire resistance 1, negative energy resistance 1, electricity
resistance, unbreathing, petrification resistance, rot immunity, MP-powered
wands, AC +3
a: no special abilities


You were on level 1 of the Dungeon.
You were not hungry.

You visited 1 branch of the dungeon, and saw 2 of its levels.

You collected 61 gold pieces.

Inventory:

Missiles
 b - 55 stones (quivered)
Armour
 c - a +0 robe (worn)
Scrolls
 f - a scroll of identify {unknown}
 h - a scroll of teleportation {unknown}
 i - a scroll of enchant weapon {unknown}
Books
 e - a book of Geomancy

   Spells                             Type                      Level
   a - Sandblast                      Earth                        1
   b - Passwall                       Transmutation/Earth          2
   c - Stone Arrow                    Conjuration/Earth            3
   d - Petrify                        Transmutation/Earth          4
   e - Lee's Rapid Deconstruction     Earth                        5
Comestibles
 a - a chunk of flesh
 d - a bread ration


   Skills:
 - Level 1.5 Dodging
 - Level 2.1 Stealth
 * Level 2.8 Spellcasting
   Level 0.7 Transmutations
 + Level 4.2 Earth Magic


You had 6 spell levels left.
You knew the following spells:

 Your Spells              Type           Power        Failure   Level  Hunger
a - Sandblast             Erth           ###...       4%          1    #......


Dungeon Overview and Level Annotations

Branches:
Dungeon (2/15)

Altars:


Innate Abilities, Weirdness & Mutations

You are resistant to torment.
Your stone body is resilient. (AC +3)
You are immune to poison.
You resist negative energy. (rN+)
You are resistant to electric shocks. (rElec)
You can survive without breathing.
You are immune to petrification.
You are immune to rotting.
Scrolls take you a little longer to read.
Your flesh is heat resistant. (rF+)
You expend magic power (3 MP) to strengthen your wands.


Message History

The slug dart misses you.
You completely miss the dart slug.
The dart slug is heavily wounded.
You hit the dart slug.
The dart slug is severely wounded.
The dart slug barely misses you.
Casting: Sandblast
Confirm with . or Enter, or press ? or * to list all spells.
Aiming: Sandblast
Press: ? - help, Shift-Dir - straight line, f - dart slug
Aim: a dart slug (severely wounded, clinging)
The blast of sand hits the dart slug.
The dart slug is severely wounded.
The dart slug barely misses you.
You hit the dart slug.
The dart slug is almost dead.
You hit the dart slug.
You kill the dart slug!
You see here a dart slug corpse.
Are you sure you want to abandon this character and quit the game? (Confirm with "yes".)

### ## #.. ####. #.# #....
#######.#### #.#..
...........# #.#.. #.# #....
##)##.###. ###.. ..
#.@....... #.. #.. #.###..###
#.. #..# #.# #..# #.. ##...#
#.###..# ### ......# #.#....#
### .......## #)#.##.# ##..
........###....#.#########...
.......†'....................
........###......#######.....


There were no monsters in sight!

Vanquished Creatures
  A dart slug (D:1)
  2 leopard geckos (D:1)
  2 giant cockroaches
  2 goblins (D:1)
  4 hobgoblins (D:1)
  2 jackals (D:1)
  2 bats (D:1)
  2 frilled lizards
  A kobold (D:1)
  2 rats
20 creatures vanquished.

Notes
Turn   | Place    | Note
-------+----------+-------------------------------------------
     0 | D:1      | CakeIsGreat the Gargoyle Earth Elementalist began the quest for the Orb.
     0 | D:1      | Reached XP level 1. HP: 10/10 MP: 3/3
     0 | D:1      | Noticed a vampire
     0 | D:1      | Noticed an elf
     0 | D:1      | Noticed a human
     3 | D:1      | Noticed a ghoul
     6 | D:1      | Noticed a spriggan
     8 | D:1      | Noticed a human
     9 | D:1      | Noticed a naga
    13 | D:1      | Noticed a vampire
    15 | D:1      | Noticed a gargoyle
    15 | D:1      | Noticed a troll
    15 | D:1      | Noticed a gargoyle
    17 | D:1      | Noticed a naga
    21 | D:1      | Noticed a draconian
   280 | D:1      | Reached XP level 2. HP: 8/15 MP: 0/5
   482 | D:1      | You fall through a shaft!
   655 | D:1      | Reached skill level 4 in Earth Magic
   712 | D:1      | Gained mutation: You expend magic power (3 MP) to strengthen your wands. [potion of mutation]
   712 | D:1      | Gained mutation: Your flesh is heat resistant. (rF+) [potion of mutation]
   712 | D:1      | Gained mutation: Scrolls take you a little longer to read. [potion of mutation]
   714 | D:1      | Reached XP level 3. HP: 2/19 MP: 0/7
   727 | D:1      | Quit the game

Skill      XL: |  1  2 |
---------------+-------+-----
Earth Magic    | 4 |  4.2
Dodging        | |  1.5
Stealth        | |  2.1
Spellcasting   | |  2.8
Transmutations | |  0.7

Action                   || total
-------------------------++-------
Melee: Unarmed           ||    36
 Cast: Sandblast         ||    33
  Use: Potion            ||     1
Armor: Robe              ||    10
Dodge: Dodged            ||    39
